 Dungeon Crawl Stone Soup version 0.22-a0-872-g6a232dd (webtiles) character file.

91 prawnwizard the Poker (level 4, 0/35 HPs)
             Began as a Merfolk Skald on July 28, 2018.
             Slain by dinmas's ghost (14 damage)
             ... on level 3 of the Dungeon.
             The game lasted 00:03:54 (2953 turns).

prawnwizard the Poker (Merfolk Skald)               Turns: 2953, Time: 00:03:55

Health: 0/35       AC:  3    Str: 12    XL:     4   Next: 59%
Magic:  7/7        EV: 13    Int: 12    God:
Gold:   120        SH:  0    Dex: 13    Spells: 6/7 levels left

rFire    . . .     SeeInvis .   a - +0 spear
rCold    . . .     Gourm    .   (no shield)
rNeg     . . .     Faith    .   b - +0 leather armour
rPois    .         Spirit   .   (no helmet)
rElec    .         Reflect  .   (no cloak)
rCorr    .         Harm     .   (no gloves)
MR       .....                  (no boots)
Stlth    +.........             (no amulet)
HPRegen  0.11/turn              (no ring)
MPRegen  0.10/turn              (no ring)

@: no status effects
A: change form in water, swift swim, stealthy swim
a: no special abilities


You were on level 3 of the Dungeon.
You were not hungry.

You visited 1 branch of the dungeon, and saw 3 of its levels.

You collected 120 gold pieces.

Inventory:

Hand Weapons
 a - a +0 spear (weapon)
Armour
 b - a +0 leather armour (worn)
Jewellery
 l - a cursed -5 ring of dexterity {unknown}
Scrolls
 e - 4 scrolls of remove curse {unknown}
 f - 2 scrolls of identify {unknown}
 g - a scroll of teleportation {unknown}
 k - a scroll of immolation {unknown}
 o - a scroll of noise {unknown}
 r - a scroll of amnesia {unknown}
Potions
 c - a potion of invisibility {unknown}
 h - a potion of magic {unknown}
 i - a potion of curing {unknown}
 j - a potion of berserk rage {unknown}
 m - a potion of haste {unknown}
 p - a potion of lignification {unknown}
 q - a potion of heal wounds {unknown}
Comestibles
 d - 6 rations
 n - 2 chunks of flesh


   Skills:
 + Level 3.0 Fighting
 * Level 5.2 Polearms
 - Level 0.6 Armour
 + Level 3.7 Dodging
 - Level 2.0 Spellcasting
 - Level 3.3 Charms


You had 6 spell levels left.
You knew the following spells:

 Your Spells              Type           Power        Failure   Level  Hunger
a - Infusion              Chrm           #...         9%          1    ##.....

Your spell library contained the following spells:

 Spells                   Type           Power        Failure   Level  Hunger
 Regeneration             Chrm/Necr      #.........   45%         3    ####...
 Shroud of Golubria       Chrm/Tloc      #.........   26%         2    ###....
 Song of Slaying          Chrm           #.......     13%         2    ###....
 Spectral Weapon          Hex/Chrm       #.......     45%         3    ####...


Dungeon Overview and Level Annotations

Branches:
Dungeon (3/15)

Altars:
Ashenzari
Gozag
Uskayaw

Shops:
D:3 *

Annotations:
D:3 dinmas's ghost, amateur OgMo


Message History

The howler monkey skeleton is moderately damaged.
The howler monkey skeleton hits you. The bullfrog skeleton hits you.
You hit the howler monkey skeleton.
The howler monkey skeleton is heavily damaged.
The bullfrog skeleton hits you.
You hit dinmas's ghost.
Dinmas's ghost is lightly damaged.
The bullfrog skeleton barely misses you.
You hit dinmas's ghost but do no damage.
Dinmas's ghost is lightly damaged.
The bullfrog skeleton hits you but does no damage.
Dinmas's ghost hits you!
You are too injured to fight recklessly!
You are too injured to fight recklessly!
You are too injured to fight recklessly!
You barely miss dinmas's ghost.
Dinmas's ghost is lightly damaged.
The bullfrog skeleton barely misses you.
Dinmas's ghost hits you!
You die...

... ... # #[# ####
#†# .... #.# ###. #
####.# #.#.#.#..#
#.....#..#
##.$.ZW@.######
#.?...Z.......#
#.##$...'.#####.####
#.#.....#.##.......#
#.#.#.#.#.##.≈≈.≈≈.#
#.##########.≈...≈.#
#.# #.≈._.≈.# ## #.#
#≈≈...≈≈# .### #.#
#≈.....≈#


You could see dinmas's ghost, a bullfrog skeleton and a howler monkey skeleton.

Vanquished Creatures
  3 adders
  An adder skeleton (D:2)
  A worm (D:2)
  A dart slug (D:2)
  2 leopard geckos
  A ball python (D:3)
  2 giant cockroaches
  7 goblins
  5 hobgoblins
  4 jackals (D:2)
  6 kobolds
  3 quokkas (D:2)
  7 bats
  3 frilled lizards
  10 rats
56 creatures vanquished.

Notes
Turn   | Place    | Note
-------+----------+-------------------------------------------
     0 | D:1      | prawnwizard the Merfolk Skald began the quest for the Orb.
     0 | D:1      | Reached XP level 1. HP: 16/16 MP: 3/3
   135 | D:1      | Reached XP level 2. HP: 20/22 MP: 5/5
   646 | D:1      | Reached skill level 4 in Polearms
  1116 | D:1      | Reached XP level 3. HP: 19/28 MP: 6/6
  1552 | D:2      | Noticed a hand axe
  1570 | D:2      | Found a hide-covered altar of Uskayaw.
  1593 | D:2      | Noticed a dagger
  2005 | D:2      | Reached XP level 4. HP: 32/34 MP: 7/7
  2066 | D:2      | Reached skill level 5 in Polearms
  2846 | D:3      | Found a shattered altar of Ashenzari.
  2915 | D:3      | Found Gozag's Platinum Reserve.
  2920 | D:3      | Found an opulent altar of Gozag.
  2931 | D:3      | Found a runed gate.
  2931 | D:3      | Found a runed gate.
  2932 | D:3      | Found a runed gate.
  2941 | D:3      | Noticed dinmas's ghost (amateur OgMo)
  2953 | D:3      | Slain by dinmas's ghost

Vault maps used:
D:1:      dpeg_arrival_tiny_d
D:2:      dancing_weapons_uskayaw
D:3:      lemuel_doored_altar, gammafunk_ghost_necromancy,
          nicolae_gozag_zags_fifth_avenue, uniq_grinder

Skill      XL: |  1  2  3  4 |
---------------+-------------+-----
Dodging        | 3 |  3.7
Polearms       | 4 5 |  5.2
Fighting       | 3 |  3.0
Armour         | |  0.6
Spellcasting   | |  2.0
Charms         | |  3.3

Action                   |  1- 3 |  4- 6 || total
-------------------------+-------+-------++-------
Melee: Spear             |   176 |    66 ||   242
 Cast: Infusion          |     2 |       ||     2
 Stab: Sleeping          |     2 |       ||     2
  Eat: Ration            |     1 |       ||     1
       Chunk             |       |     3 ||     3
Armor: Leather armour    |    35 |     8 ||    43
Dodge: Dodged            |    82 |    20 ||   102

Table legend:
 A = Spawn XP
 B = Non-spawn XP
 C = Spawn XP percentage of total XP
 D = Spawn monster count
 E = Non-spawn monster count
 F = Spawn count percentage of total count
 G = Total turns spent on level
                    A         B        C        D         E        F      G
               +---------+---------+-------+---------+---------+-------+---------
         Total |       0 |     131 |   0.0 |       0 |      56 |   0.0 |  2953
               +---------+---------+-------+---------+---------+-------+---------
           D:1 |       0 |      34 |   0.0 |       0 |      25 |   0.0 |  1148
           D:2 |       0 |      78 |   0.0 |       0 |      26 |   0.0 |  1588
           D:3 |       0 |      19 |   0.0 |       0 |       5 |   0.0 |   217
               +---------+---------+-------+---------+---------+-------+---------
